 Dungeon Crawl Stone Soup version 0.29-a0-841-g116ddc6ace (webtiles) character file.

Game seed: 10317636074923462467

1211 bande the Chopper (level 8, 0/48 HPs)
             Began as a Gargoyle Fighter on July 15, 2022.
             Slain by an orc warrior
             ... wielding a +0 dire flail
              (7 damage)
             ... on level 5 of the Dungeon.
             The game lasted 00:10:00 (4579 turns).

bande the Chopper (Gargoyle Fighter)                Turns: 4579, Time: 00:10:00

Health: 0/48       AC: 19    Str: 21    XL:     8   Next: 46%
Magic:  8/8        EV: 11    Int: 11    God:
Gold:   173        SH:  5    Dex: 11    Spells: 7/7 levels left

rFire   + . .      SeeInvis .   a - +2 war axe (vamp)
rCold   . . .      Faith    .   c - +0 buckler
rNeg    + . .      Spirit   .   n - +0 chain mail
rPois   ∞          Reflect  .   i - +1 helmet {Int+3}
rElec   +          Harm     .   C - +0 cloak {rCorr}
rCorr   +          Rampage  .   (no gloves)
Will    .....                   (no boots)
Stlth   ..........              (no amulet)
HPRegen 0.16/turn               A - ring of protection from fire
MPRegen 0.11/turn               x - +4 ring of evasion

@: no status effects
A: sickness immunity, AC +5, negative energy resistance 1, electricity
resistance, torment resistance 1, petrification resistance
a: no special abilities


You were on level 5 of the Dungeon.
You visited 1 branch of the dungeon, and saw 5 of its levels.
You also visited: Ossuary.

You collected 185 gold pieces.
You spent 12 gold pieces at shops.

Inventory:

Hand Weapons
 a - a +2 vampiric war axe (weapon)
 m - a +0 flail
 s - the +2 Maxwell's thermic engine {flame, freeze}
   (You found it on level 3 of the Dungeon)

   It burns those it strikes, dealing additional fire damage.
   Big, fiery blades are also staple armaments of hydra-hunters.
   It freezes those it strikes, dealing additional cold damage.
   It can also slow down cold-blooded creatures.
   It becomes more effective when it hits something.
   This effect fades over time.
Armour
 c - a +0 buckler (worn)
 i - a +1 helmet of intelligence (worn)
 n - a +0 chain mail (worn)
 C - a +0 cloak of preservation (worn)
Jewellery
 f - an amulet of magic regeneration
 j - a ring of protection from cold
 x - a +4 ring of evasion (right hand)
 A - a ring of protection from fire (left hand)
Wands
 e - a wand of charming (4)
 o - a wand of quicksilver (10)
 z - a wand of digging (7)
Scrolls
 r - a scroll of brand weapon
 B - a scroll of teleportation
Potions
 b - 4 potions of curing
 d - 2 potions of might
 g - 3 potions of heal wounds
 h - a potion of flight {unknown}
 l - a potion of ambrosia {unknown}
 p - a potion of magic {unknown}
 v - a potion of haste {unknown}
 w - a potion of berserk rage {unknown}


   Skills:
 + Level 4.8 Fighting
 + Level 6.3 Axes
 + Level 5.6 Armour
 - Level 0.2 Stealth
 + Level 4.5 Shields
 * Level 3.3 Evocations


You had 7 spell levels left.
You didn't know any spells.
Your spell library contained the following spells:

 Spells                   Type           Power      Damage    Failure   Level
 Beastly Appendage        Tmut           0%         N/A       98%         1
 Sandblast                Erth           0%         2d4       98%         1
 Sting                    Tmut/Pois      0%         1d3       98%         1
 Passwall                 Tmut/Erth      0%         N/A       99%         2
 Wereblood                Tmut           0%         N/A       99%         2
 Spider Form              Tmut/Pois      0%         N/A       100%        3
 Stone Arrow              Conj/Erth      0%         3d7       100%        3
 Animate Armour           Summ/Erth      0%         N/A       100%        4
 Alistair's Intoxication  Tmut/Pois      0%         N/A       100%        5
 Shatter                  Erth           0%         3d5*      100%        9


Dungeon Overview and Level Annotations

Branches:
Dungeon (5/15)            Ossuary (visited)
 Temple: D:4-7

Altars:
Trog
Zin

Shops:
D:5 !


Innate Abilities, Weirdness & Mutations

You are immune to sickness and miasma.
Your stone body is resilient. (AC +5)
You are immune to poison.
You resist negative energy. (rN+)
You are resistant to electric shocks. (rElec)
You are resistant to unholy torment.
You are immune to petrification.


Message History

The orc wizard casts a spell at you. The magic dart hits you.
Unknown command.
You slash the orc wizard!
You feel better.
The orc wizard is heavily wounded.
You closely miss the orc warrior.
The orc warrior hits you but does no damage.
The orc wizard casts a spell at you. The magic dart hits you!
The orc wizard hits you but does no damage.
The orc warrior closely misses you.
You barely miss the orc wizard.
The orc wizard is heavily wounded.
You hit the orc warrior.
The orc wizard gestures at you while chanting.
The puff of flame misses you.
The orc warrior hits you with a +0 dire flail!
* * * LOW HITPOINT WARNING * * *
You closely miss the orc wizard.
The orc wizard is heavily wounded.
You hit the orc warrior but do no damage.
You block the orc wizard's attack. The orc warrior closely misses you.
Unknown command.
You hit the orc wizard.
You feel better.
The orc wizard is heavily wounded.
You barely miss the orc warrior. The orc warrior completely misses you.
The orc wizard hits you but does no damage.
You slash the orc wizard!
You feel better.
You kill the orc wizard!
You hit the orc warrior but do no damage.
The orc warrior barely misses you.
The orc warrior hits you but does no damage.
You barely miss the orc warrior.
The orc warrior is heavily wounded.
The orc warrior hits you with a +0 dire flail!
* * * LOW HITPOINT WARNING * * *
You closely miss the orc warrior.
The orc warrior is heavily wounded.
The orc warrior hits you with a +0 dire flail!
You die...

#.#.(..). ##.##
#.#..8... ##...##
#..#(.(.( ##.....##
#....#.(. .......
#.####... ..... #.# ####
... #.#
#######)########>#######
......>@o...............
#######.########.#######
#..........#
############


You could see an orc warrior (resistant).

Vanquished Creatures
  Sigmund (D:3)
  3 ogres (D:4)
  5 water moccasin zombies (Ossuary)
  A scorpion (D:4)
  Crazy Yiuf (D:4)
  A hound (D:4)
  2 orc priests
  Terence (D:2)
  2 orc wizards
  2 mummies (Ossuary)
  Robin (D:2)
  4 gnolls (D:3)
  3 adders
  An ufetubus (D:5)
  7 adder zombies (Ossuary)
  4 dart slugs
  9 orcs
  8 ball pythons
  7 endoplasms
  5 giant cockroaches
  4 gnoll zombies (Ossuary)
  17 goblins
  7 hobgoblins
  6 kobolds
  6 quokkas
  5 bats
  A frilled lizard (D:1)
  A hobgoblin zombie (Ossuary)
  4 kobold zombies (Ossuary)
  5 orc zombies (Ossuary)
  7 rats
131 creatures vanquished.

Notes
Turn   | Place    | Note
-------+----------+-------------------------------------------
     0 | D:1      | bande the Gargoyle Fighter began the quest for the Orb.
     0 | D:1      | Reached XP level 1. HP: 14/14 MP: 1/1
    86 | D:1      | You fall into a shaft and drop 1 floor!
    88 | D:2      | Noticed Robin
    96 | D:2      | Killed Robin
    97 | D:2      | Reached XP level 2. HP: 13/19 MP: 2/2
   107 | D:2      | Reached skill level 2 in Axes
   107 | D:2      | Reached XP level 3. HP: 15/23 MP: 3/3
   798 | D:1      | Reached XP level 4. HP: 25/29 MP: 4/4
   998 | D:2      | Identified the +1 ring mail "Ezaasy" {Harm Dex+4}
  1148 | D:2      | Noticed Terence
  1161 | D:2      | Killed Terence
  1493 | D:2      | Reached skill level 3 in Axes
  1918 | D:3      | Found a glowing silver altar of Zin.
  1923 | D:3      | Reached XP level 5. HP: 33/33 MP: 5/5
  1929 | D:3      | Found the +2 Maxwell's thermic engine {flame, freeze}
  2040 | D:3      | Reached skill level 1 in Evocations
  2054 | D:3      | Identified the +4 ring mail of Reang {rElec Will+ Str+6
                  | Slay-5}
  2094 | D:3      | Found a bloodstained altar of Trog.
  2095 | D:3      | Noticed Sigmund
  2110 | D:3      | Killed Sigmund
  2111 | D:3      | Reached skill level 4 in Axes
  2111 | D:3      | Reached XP level 6. HP: 25/38 MP: 6/6
  2799 | D:4      | Found a runed translucent door.
  2800 | D:4      | Noticed Crazy Yiuf
  2904 | D:4      | Found a sand-covered staircase.
  2910 | Ossuary  | Entered an ossuary
  3044 | Ossuary  | Reached XP level 7. HP: 43/43 MP: 7/7
  3207 | Ossuary  | Reached skill level 5 in Axes
  3604 | D:4      | Reached skill level 5 in Armour
  3671 | D:4      | Reached XP level 8. HP: 37/48 MP: 8/8
  3969 | D:4      | Killed Crazy Yiuf
  4036 | D:5      | Entered Level 5 of the Dungeon
  4077 | D:5      | Got the Vellum of Sandy Vitiation
  4090 | D:5      | Found the +6 shillelagh "Devastator" {shatter}
  4112 | D:4      | Reached skill level 6 in Axes
  4494 | D:5      | Found Betioze's Distillery.
  4503 | D:5      | Bought a potion of degeneration for 12 gold pieces
  4579 | D:5      | Slain by an orc warrior

Illustrated notes

Levels and vault maps discovered:
D:1:      dpeg_arrival_windows_large_door, layout_basic, kennysheep_small_spiral
D:2:      layout_rooms, roderic_lattice_a, uniq_terence, uniq_robin
D:3:      layout_loops_cross, lemuel_crystal_altar,
          mainiacjoe_overflow_six_doors_small, nicolae_elevator_lobby_asterisk,
          uniq_sigmund
D:4:      layout_rooms, enter_ossuary_2, uniq_crazy_yiuf_cottage
D:5:      layout_loops_ring, chequers_temple_overflow_minitemple,
          ashenzari_altar_1, nicolae_overflow_crystal_walls, serial_shops,
          nicolae_shop_trees, dilly_guarded_unrand_devastator

Skill      XL: |  1  2  3  4  5  6  7  8 |
---------------+-------------------------+-----
Axes           | 2 3 4 5 6 |  6.3
Armour         | 4 5 |  5.6
Shields        | 4 |  4.5
Evocations     | 1 2 3 |  3.3
Fighting       | 4 |  4.8
Stealth        | |  0.2

Action                   |  1- 3 |  4- 6 |  7- 9 || total
-------------------------+-------+-------+-------++-------
Melee: War axe           |    80 |   183 |   156 ||   419
  Use: Scroll            |     2 |    11 |     3 ||    16
Armor: Scale mail        |    55 |    16 |       ||    71
       Chain mail        |       |    86 |    96 ||   182
Dodge: Dodged            |    33 |    68 |    54 ||   155
Block: Buckler           |    26 |    40 |    31 ||    97

Table legend: (Time is in decaauts)
 A = Elapsed time spent in this place.
 B = Non-inter-level travel time spent in this place.
 C = Inter-level travel time spent in this place.
 D = Time resting spent in this place.
 E = Time spent auto-exploring this place.
 F = Levels seen in this place.
 G = Mean time per level.
                   A        B        C        D        E       F      G
               +--------+--------+--------+--------+--------+-----+--------+
         Total |   4723 |   4638 |     85 |    631 |   2949 |   6 |  787.2 |
       Dungeon |   4217 |   4132 |     85 |    631 |   2625 |   5 |  843.4 |
       Ossuary |    506 |    506 |      0 |      0 |    324 |   1 |  506.0 |
               +--------+--------+--------+--------+--------+-----+--------+

Top non-repeatable levels by time:
     D:4: 1186 daAuts
     D:2: 1092 daAuts
     D:3: 984 daAuts
     D:1: 788 daAuts
 Ossuary: 506 daAuts
     D:5: 165 daAuts
